 Dungeon Crawl Stone Soup version 0.17.0-9-g801d43b (webtiles) character file.

49 tp1 the Magician (level 3, -1/19 HPs)
             Began as a Deep Elf Conjurer on Nov 9, 2015.
             Slain by Terence
             ... wielding a +0 trident
              (8 damage)
             ... on level 2 of the Dungeon.
             The game lasted 00:03:44 (1205 turns).

tp1 the Magician (Deep Elf Conjurer)                Turns: 1205, Time: 00:03:44

Health: -1/19      AC:  2    Str:  5    XL:     3   Next: 53%
Magic:  4/11       EV: 12    Int: 20    God:
Gold:   85         SH:  3    Dex: 15    Spells: 2 memorised, 9 levels left

rFire  . . .     SeeInvis .     n - +1 mace (drain)
rCold  . . .     Clarity  .     a - +0 robe
rNeg   . . .     SustAt   .     m - +0 buckler (curse)
rPois  .         Gourm    .     (no helmet)
rElec  .         Spirit   .     (no cloak)
rCorr  .         Warding  .     (no gloves)
rMut   .         Stasis   .     (no boots)
MR     .....                    (no amulet)
Stlth  ++........               (no ring)
                                (no ring)

@: not resistant to hostile enchantments, unstealthy
A: no striking features
a: no special abilities


You were on level 2 of the Dungeon.
You were not hungry.

You visited 1 branch of the dungeon, and saw 2 of its levels.

You collected 85 gold pieces.

Inventory:

Hand Weapons
 n - a +1 mace of draining (weapon)
Armour
 a - a +0 robe (worn)
 m - a cursed +0 buckler (worn)
Scrolls
 d - a scroll of magic mapping {unknown}
 i - a scroll of teleportation {unknown}
 j - a scroll of fear {unknown}
 k - a scroll of noise {unknown}
 o - a scroll of enchant armour {unknown}
 q - a scroll of fog {unknown}
 r - a scroll of identify {unknown}
Potions
 e - 2 potions of resistance {unknown}
 g - a potion of might {unknown}
 h - 2 potions of brilliance {unknown}
 p - a potion of curing {unknown}
Books
 b - a book of Conjurations

   Spells                             Type                      Level
   a - Magic Dart                     Conjuration                  1
   b - Searing Ray                    Conjuration                  2
   c - Dazzling Spray                 Conjuration/Hexes            3
   d - Fulminant Prism                Conjuration/Hexes            4
   e - Iskenderun's Mystic Blast      Conjuration                  4
   f - Iskenderun's Battlesphere      Conjuration/Charms           5
Comestibles
 c - a bread ration
 f - a meat ration
 l - 6 chunks of flesh


   Skills:
 - Level 2.4 Dodging
 - Level 2.4 Stealth
 - Level 5.1 Spellcasting
 + Level 4.6 Conjurations


You had 9 spell levels left.
You knew the following spells:

 Your Spells              Type           Power        Failure   Level  Hunger
a - Magic Dart            Conj           ###.         3%          1    None
b - Searing Ray           Conj           ###...       6%          2    None


Dungeon Overview and Level Annotations

Branches:
Dungeon (2/15)

Altars:
Fedhas
Vehumet

Annotations:
D:2 Terence


Message History

Terence is lightly wounded.
You block Terence's attack.
The searing ray hits Terence.
Terence is lightly wounded.
You block Terence's attack.
The searing ray hits Terence.
Terence is lightly wounded.
Terence hits you from afar with a trident!
The searing ray hits Terence.
Terence is severely wounded.
Terence hits you from afar with a trident.
Casting: Searing Ray
Confirm with . or Enter, or press ? or * to list all spells.
Aiming: Searing Ray
Press: ? - help, Shift-Dir - straight line, f/p - Terence
Aim: Terence, wielding a trident and wearing a glowing chain mail (severely wounded)
The searing ray hits Terence.
Terence is severely wounded.
Terence hits you from afar with a trident!
You die...

#[.....# #.#
#.# ######.#
#.# .. #.#
#.# ######.#
#......#
#.###### #.#
#.#
#####.###
#.#
#@.@.....
#.#
#.###.###
#.# #.# #.#
#.# #.# #.#
#.# #.# #.#
#.# #.# #.#
####
#.###.###.##
#...
#..........#
#.##
#####.###..#
#.#


You could see Terence.

Vanquished Creatures
  Natasha (D:2)
  2 worms (D:2)
  A giant gecko (D:2)
  5 bats
  2 hobgoblins (D:2)
  2 jackals (D:2)
  A giant newt (D:2)
  4 goblins
  2 kobolds (D:2)
  A rat (D:1)
21 creatures vanquished.

Notes
Turn   | Place    | Note
--------------------------------------------------------------
     0 | D:1      | tp1 the Deep Elf Conjurer began the quest for the Orb.
     0 | D:1      | Reached XP level 1. HP: 10/10 MP: 6/6
   580 | D:2      | Found a radiant altar of Vehumet.
   709 | D:2      | Reached XP level 2. HP: 15/15 MP: 0/9
   853 | D:2      | Learned a level 2 spell: Searing Ray
   874 | D:2      | Found a blossoming altar of Fedhas.
   879 | D:2      | Noticed Natasha
   881 | D:2      | Killed Natasha
   881 | D:2      | Reached skill level 5 in Spellcasting
   881 | D:2      | Reached XP level 3. HP: 19/19 MP: 2/11
  1199 | D:2      | Noticed Terence
  1205 | D:2      | Slain by Terence

Action                   || total
-------------------------++-------
Melee: Mace              ||     1
 Cast: Magic Dart        ||    40
       Searing Ray       ||     5
  Eat: Chunk             ||     1
